 Dungeon Crawl Stone Soup version 0.31-a0-175-g9f7f995f2b (webtiles) character file.

Game seed: 7159122269584238035

109 qw the Chopper (level 4, -2/28 HPs)
             Began as a Gargoyle Fighter on June 16, 2023.
             Slain by an orc priest
             ... wielding a +0 flail
              (4 damage)
             ... on level 3 of the Dungeon.
             The game lasted 00:00:53 (1957 turns).

qw the Chopper (Gargoyle Fighter)                   Turns: 1957, Time: 00:00:54

Health: -2/28      AC: 11    Str: 22    XL:     4   Next: 89%
Magic:  4/4        EV:  9    Int:  8    God:
Gold:   120        SH:  4    Dex:  9    Spells: 3/3 levels left

rFire   . . .        Y - +0 war axe
rCold   . . .        c - +0 buckler
rNeg    + . .        b - +0 scale mail
rPois   inf          (no helmet)
rElec   +            m - +0 cloak
rCorr   .            (no gloves)
SInv    .            (no boots)
Will    .....        (no amulet) Stlth
                     (no ring)
HPRegen 0.24/turn    (no ring)
MPRegen 0.09/turn

%: no passive effects
@: about to teleport
A: sickness immunity, AC +3, negative energy resistance 1, electricity
resistance, torment resistance 1, petrification resistance
a: no special abilities


You were on level 3 of the Dungeon.
You visited 1 branch of the dungeon, and saw 3 of its levels.

You collected 120 gold pieces.


Innate Abilities, Weirdness & Mutations

You are immune to sickness and miasma.
Your stone body is resilient. (AC +3)
You are immune to poison.
You resist negative energy. (rN+)
You are resistant to electric shocks. (rElec)
You are resistant to unholy torment.
You are immune to petrification.


   Skills:
 - Level 3.2 Fighting
 + Level 4.4 Axes
 - Level 3.2 Armour
 - Level 3.2 Shields


You had 3 spell levels left.
You didn't know any spells.
Your spell library was empty.

Inventory:

Hand Weapons
 f - a +0 whip
 Y - a +0 war axe (weapon)
Missiles
 j - 3 boomerangs (quivered)
Armour
 b - a +0 scale mail (worn)
 c - a +0 buckler (worn)
 k - a +1 leather armour of cold resistance
 m - a +0 cloak (worn)
Jewellery
 l - an amulet of the acrobat
Scrolls
 g - 2 scrolls of teleportation
 i - a scroll of identify
 n - a scroll of noise {unknown}
Potions
 a - a potion of curing {unknown}
 d - 3 potions of might
 e - 2 potions of haste {unknown}
 h - a potion of invisibility {unknown}

Dungeon Overview and Level Annotations

Branches:
Dungeon (3/15)

Altars:


Message History

You hit the orc but do no damage.
The orc is severely wounded.
You hit the orc priest but do no damage.
The orc priest mumbles some strange prayers to Beogh against you.
Pain shoots through your body! The orc hits you but does no damage.
The orc misses you.
The orc priest hits you with a +0 flail.
You hit the orc but do no damage.
The orc is severely wounded.
You closely miss the orc priest.
The orc priest hits you with a +0 flail.
The orc barely misses you.
You hit the orc.
You kill the orc!
You hit the orc priest.
The orc priest mumbles some strange prayers to Beogh against you.
Pain shoots through your body!
You hit the orc priest but do no damage.
The orc priest is moderately wounded.
The orc priest barely misses you.
The orc priest miscasts a cantrip.
You closely miss the orc priest.
The orc priest is moderately wounded.
The orc priest hits you but does no damage.
You hit the orc priest but do no damage.
The orc priest is moderately wounded.
The orc priest casts a cantrip, but nothing happens.
You barely miss the orc priest.
The orc priest is moderately wounded.
The orc priest calls down the wrath of Beogh upon you.
Beogh smites you!
The orc priest hits you with a +0 flail.
1956 ||| READING 3 scrolls of teleportation.
As you read the scroll of teleportation, it crumbles to dust.
You feel strangely unstable.
The orc priest hits you with a +0 flail.
You hit the orc priest.
The orc priest is heavily wounded.
The orc priest hits you with a +0 flail.
You die...

## #.# #.###.....
#.##.# #.##...###
## #.#.####.#.....#
#.###.......##...##
#.#.#.########.##
#.##.# #.#
#.###.##.# #.#
#........# ##'##
#..##@..## ##...##
#. #.)o.# ##.....##
# #.#..# ##.......#
......# #.........
##. .....
+......... ..
...####......... #.
#.## ##.......# #.
## ##.....##
##...##


You could see an orc priest.

Vanquished Creatures
  An orc priest (D:3)
  An adder (D:3)
  A worm (D:3)
  4 dart slugs
  An orc (D:3)
  6 ball pythons
  6 endoplasms
  3 giant cockroaches
  6 goblins
  4 hobgoblins
  3 quokkas
  10 bats
  3 frilled lizards
  5 kobolds
  3 rats
57 creatures vanquished.

Notes
Turn   | Place    | Note
-------+----------+-------------------------------------------
     0 | D:1      | qw the Gargoyle Fighter began the quest for the Orb.
     0 | D:1      | Reached XP level 1. HP: 14/14 MP: 1/1
     0 | D:1      | 0 ||| qw: Version: 0.2-a-29-g511e9b1
     0 | D:1      | 0 ||| qw: Game counter: 5791
     0 | D:1      | 0 ||| qw: Always use a shield: true
     0 | D:1      | 0 ||| qw: God list: Okawaru
     0 | D:1      | 0 ||| qw: Allow faded altars: false
     0 | D:1      | 0 ||| qw: Do Orc after D:15 true
     0 | D:1      | 0 ||| qw: Do second Lair branch before Depths: true
     0 | D:1      | 0 ||| qw: Lair rune preference: random
     0 | D:1      | 0 ||| qw: Plans: Normal, Zot:1-4, Slime:5, God:TSO, Crypt,
                  | Tomb, Abyss, Pan, Hells, Win
     0 | D:1      | 0 ||| PLANNING D:1-11
    20 | D:1      | Reached skill level 2 in Axes
    23 | D:1      | 23 ||| Stepping ~*~*~tactically~*~*~ (stealth).
   102 | D:1      | Reached XP level 2. HP: 17/19 MP: 2/2
   113 | D:1      | 113 ||| Stepping ~*~*~tactically~*~*~ (stealth).
   175 | D:1      | 175 ||| Stepping ~*~*~tactically~*~*~ (stealth).
   371 | D:1      | 371 ||| Stepping ~*~*~tactically~*~*~ (hiding).
   374 | D:1      | 374 ||| Stepping ~*~*~tactically~*~*~ (hiding).
   375 | D:1      | 375 ||| Stepping ~*~*~tactically~*~*~ (hiding).
   384 | D:1      | Reached skill level 3 in Axes
   520 | D:1      | Reached XP level 3. HP: 21/23 MP: 3/3
   787 | D:1      | 787 ||| UPGRADING to +0 cloak.
   792 | D:1      | 792 ||| READING scroll labelled QOH YMIAFUW.
   793 | D:1      | 793 ||| READING scroll labelled VAUHIA FYLO.
   794 | D:1      | 794 ||| READING scroll labelled EDWOSU PUKIGUSH.
   795 | D:1      | 795 ||| READING scroll labelled SUCLASKORY.
   796 | D:1      | 796 ||| READING scroll labelled LAODWUM FAYTA.
   963 | D:2      | 963 ||| Stepping ~*~*~tactically~*~*~ (stealth).
   965 | D:2      | 965 ||| Stepping ~*~*~tactically~*~*~ (hiding).
  1010 | D:2      | 1010 ||| Stepping ~*~*~tactically~*~*~ (hiding).
  1385 | D:2      | 1385 ||| DRINKING 2 glowing yellow potions.
  1391 | D:2      | Reached XP level 4. HP: 28/28 MP: 4/4
  1496 | D:2      | 1496 ||| DROPPING potion of berserk rage.
  1709 | D:3      | Reached skill level 4 in Axes
  1711 | D:3      | Identified the +4 spear of the Mauling Gods {speed, rC++
                  | MP+9 Dex-4}
  1941 | D:3      | 1941 ||| Stepping ~*~*~tactically~*~*~ (hiding).
  1955 | D:3      | HP: 7/28 [orc priest/divine providence (11)]
  1955 | D:3      | HP: 3/28 [orc priest/+0 flail (4)]
  1956 | D:3      | 1956 ||| READING 3 scrolls of teleportation.
  1956 | D:3      | HP: 1/28 [orc priest/+0 flail (2)]
  1957 | D:3      | Slain by an orc priest

Levels and vault maps discovered:
D:1:      minmay_arrival_four_houses, layout_loops_ring
D:2:      layout_loops_ring, st_stairs_1
D:3:      layout_loops_corners, minmay_quantized

Skill      XL: |  1  2  3  4 |
---------------+-------------+-----
Axes           | 2 3 4 |  4.4
Fighting       | |  3.2
Armour         | |  3.2
Shields        | |  3.2

Action                     |  1- 3 |  4- 6 || total
---------------------------+-------+-------++-------
  Melee: War axe           |    96 |    25 ||   121
  Throw: Boomerang         |    36 |    15 ||    51
    Use: Scroll            |     5 |     1 ||     6
         Potion            |     1 |       ||     1
 Armour: Scale mail        |    48 |    10 ||    58
  Dodge: Dodged            |    45 |     8 ||    53
  Block: Buckler           |    22 |     6 ||    28

Table legend:
 A = Non-vault XP
 B = Vault XP
 C = Vault XP percentage of total XP
 D = Non-vault monster count
 E = Vault monster count
 F = Vault count percentage of total count
                 A         B        C        D         E       F
            +---------+---------+-------+---------+---------+-------
      Total |     152 |       4 |   2.6 |      54 |       3 |   5.3
            +---------+---------+-------+---------+---------+-------
        D:1 |      43 |       0 |   0.0 |      27 |       0 |   0.0
        D:2 |      35 |       4 |  10.3 |      18 |       3 |  14.3
        D:3 |      74 |       0 |   0.0 |       9 |       0 |   0.0
            +---------+---------+-------+---------+---------+-------
